 Dungeon Crawl Stone Soup version 0.30-a0-1160-g6e42c06551 (webtiles) character file.

Game seed: 11290614524732278325

111 senseless the Stinger (level 4, -4/30 HPs)
             Began as a Demonspawn Venom Mage on Apr 26, 2023.
             Slain by a gnoll
             ... wielding a +0 flail
              (13 damage)
             ... on level 3 of the Dungeon.
             The game lasted 00:06:38 (2994 turns).

senseless the Stinger (Demonspawn Venom Mage)       Turns: 2994, Time: 00:06:38

Health: -4/30      AC:  2    Str:  9    XL:     4   Next: 62%
Magic:  8/8        EV: 12    Int: 18    God:
Gold:   53         SH:  4    Dex: 13    Spells: 3/8 levels left

rFire   . . .        o - +3 dagger of Fatigue {pain, rElec rN+ SInv}
rCold   . . .        (no shield)
rNeg    + . .        a - +0 robe
rPois   .            (helmet restricted)
rElec   +            (no cloak)
rCorr   .            (no gloves)
SInv    +            (no boots)
Will    .....        (no amulet)
Stlth   ++           (no ring)
HPRegen 0.25/turn    (no ring)
MPRegen 0.11/turn

%: no passive effects
@: no status effects
A: horns 1, powered by pain 1, condensation shield
a: no special abilities


You were on level 3 of the Dungeon.
You visited 1 branch of the dungeon, and saw 3 of its levels.

You collected 123 gold pieces.
You spent 70 gold pieces at shops.

Inventory:

Hand Weapons
 c - a +0 dagger
 o - the +3 dagger of Fatigue (weapon) {pain, rElec rN+ SInv}
   (You found it on level 2 of the Dungeon)

   rElec:     It insulates you from electricity.
   rN:        It protects you from negative energy.
   SInv:      It lets you see invisible.
Armour
 a - a +0 robe (worn)
 d - an orb of mayhem
Scrolls
 e - 6 scrolls of teleportation
 g - 3 scrolls of identify
 h - a scroll of poison {unknown}
 k - 2 scrolls of immolation {unknown}
 l - a scroll of blinking {unknown}
 m - a scroll of enchant weapon {unknown}
 n - a scroll of enchant armour {unknown}
 q - a scroll of acquirement {unknown}
 r - a scroll of brand weapon {unknown}
Potions
 b - a potion of magic
 f - a potion of haste {unknown}
 i - a potion of degeneration {unknown}
 j - a potion of heal wounds {unknown}
 p - a potion of mutation {unknown}


   Skills:
 + Level 2.6 Dodging
 - Level 1.7 Stealth
 + Level 2.8 Spellcasting
 + Level 2.1 Transmutations
 + Level 3.7 Poison Magic


You had 3 spell levels left.
You knew the following spells:

 Your Spells              Type           Power      Damage    Failure   Level
a - Sting                 Tmut/Pois      52%        1d5       4%          1
b - Olgreb's Toxic Radia  Pois           16%        N/A       34%         4

Your spell library contained the following spells:

 Spells                   Type           Power      Damage    Failure   Level
 Beastly Appendage        Tmut           20%        N/A       7%          1
 Wereblood                Tmut           10%        N/A       11%         2
 Poisonous Vapours        Pois/Air       18%        N/A       12%         2
 Spider Form              Tmut/Pois      13%        N/A       16%         3
 Shock                    Conj/Air       8%         1d3       17%         1
 Summon Small Mammal      Summ           8%         N/A       17%         1
 Mephitic Cloud           Conj/Pois/Air  7%         N/A       30%         3
 Call Canine Familiar     Summ           2%         N/A       45%         3
 Gell's Gravitas          Tloc           2%         N/A       45%         3
 Summon Guardian Golem    Hex/Summ       2%         N/A       45%         3
 Swiftness                Air            2%         N/A       45%         3
 Teleport Other           Tloc           2%         N/A       45%         3
 Tukima's Dance           Hex            2%         N/A       45%         3
 Vhi's Electric Charge    Tloc/Air       4%         N/A       45%         3
 Airstrike                Air            1%         2d(1-17)  86%         4
 Passage of Golubria      Tloc           2%         N/A       86%         4
 Yara's Violent Unravell  Hex/Tmut       3%         3d4       96%         5
 Arcjolt                  Conj/Air       1%         1d11      99%         5
 Dispersal                Tloc           1%         N/A       100%        6
 Plasma Beam              Fire/Air       1%         2x1d12    100%        6


Dungeon Overview and Level Annotations

Branches:
Dungeon (3/15)

Altars:
Gozag
Qazlal

Shops:
D:3 ?(


Innate Abilities, Weirdness & Mutations

You have a pair of small horns on your head.
You sometimes gain a little power by taking damage.
A meltable shield of frost defends you. (SH +4)


Message History

a +0 club; a goblin corpse
Found a glowing silver altar of Zin.
Found a stone staircase leading down.
e - 6 scrolls of teleportation (gained 1)
Found a stone staircase leading up.
There is a stone staircase leading up here.
Found 8 stones.
You now have 53 gold pieces (gained 14).
Found a stone staircase leading up.
r - a scroll labelled IWEKHL TIOCA A gnoll comes into view.
It is wielding a +0 club.
The gnoll shouts!
You hear a shout!
The sting hits the gnoll but does no damage.
The gnoll is poisoned.
The sting hits the gnoll.
The gnoll looks even sicker.
The gnoll is heavily wounded.
You hit the gnoll.
You kill the gnoll!
A gnoll comes into view. It is wielding a +0 spear.
The gnoll shouts!
A gnoll comes into view. It is wielding a +0 flail.
There is a stone staircase leading up here.
The sting misses the gnoll.
The sting hits the gnoll but does no damage.
The gnoll is poisoned.
The gnoll closely misses you.
The sting hits the gnoll.
The gnoll is poisoned.
The gnoll is lightly wounded.
The gnoll closely misses you.
The sting hits the gnoll but does no damage.
The gnoll looks even sicker.
The gnoll is lightly wounded.
The gnoll hits you from afar with a +0 spear.
A gnoll comes into view. It is wielding a +0 spear.
The gnoll hits you with a +0 flail!
You focus on the pain.
You feel your power returning.
The gnoll shouts!
The gnoll hits you from afar with a +0 spear.
* * * LOW HITPOINT WARNING * * *
The gnoll hits you with a +0 flail!
You die...

##.##.#.##...# ##.#
#.....# #..##......#.#
#.# #####.##
#.########...# #.# #...
#.#8...# #..## #.# #.##
#.##...###...# #.# #.#
#...._.##....#####[#
#.#
####...#...........####
#.#
8...##....#####....#
#.#
#######.g.gg@.......#
#.# #)########....# #.#
#.# ###..# #.# ... #..#
##g. # #..# g..... #..#
...###.#####..######
...##...............
....##.#....#####


You could see 3 gnolls.

Vanquished Creatures
  4 adders
  A gnoll (D:3)
  An ufetubus (D:3)
  3 orcs (D:3)
  2 ball pythons
  3 endoplasms
  4 giant cockroaches
  4 goblins
  5 hobgoblins
  8 kobolds
  3 quokkas
  10 bats
  3 frilled lizards
  3 rats
54 creatures vanquished.

Notes
Turn   | Place    | Note
-------+----------+-------------------------------------------
     0 | D:1      | senseless the Demonspawn Venom Mage began the quest for the
                  | Orb.
     0 | D:1      | Reached XP level 1. HP: 13/13 MP: 3/3
   103 | D:1      | Reached skill level 1 in Transmutations
   223 | D:1      | Gained mutation: You have a pair of small horns on your
                  | head. [demonic ancestry]
   223 | D:1      | Reached XP level 2. HP: 16/19 MP: 0/5
  1347 | D:2      | Identified the +3 dagger of Fatigue {pain, rElec rN+ SInv}
  1389 | D:2      | Gained mutation: A meltable shield of frost defends you.
                  | (SH +4) [demonic ancestry]
  1389 | D:2      | Reached XP level 3. HP: 22/24 MP: 4/6
  1817 | D:2      | Found a faded altar of an unknown god.
  1885 | D:2      | Found a stormy altar of Qazlal.
  2298 | D:3      | Gained mutation: You sometimes gain a little power by
                  | taking damage. [demonic ancestry]
  2298 | D:3      | Reached XP level 4. HP: 30/30 MP: 3/7
  2303 | D:3      | Learned a level 4 spell: Olgreb's Toxic Radiance
  2429 | D:3      | Found an opulent altar of Gozag.
  2522 | D:3      | Found Ehepeom's Weapon Shoppe.
  2773 | D:3      | Found The Oracle's Delphic Readings.
  2777 | D:3      | Bought a scroll of identify for 28 gold pieces
  2777 | D:3      | Bought a scroll of teleportation for 42 gold pieces
  2994 | D:3      | Slain by a gnoll

Illustrated notes

Levels and vault maps discovered:
D:1:      lightli_arrival_flooded_house, layout_basic
D:2:      layout_loops_ring, basic_altar, ebering_ecumenical_altar_box,
          chequers_serial_rivers_micro_b
D:3:      layout_loops_ring, lemuel_doored_altar, mainiacjoe_overflow_alcove_2,
          serial_shops, nicolae_shop_bloodbath_and_beyond,
          nicolae_nh_oracle_at_delphi

Skill      XL: |  1  2  3  4 |
---------------+-------------+-----
Transmutations | 1 2 |  2.1
Dodging        | 2 |  2.6
Stealth        | |  1.7
Spellcasting   | |  2.8
Poison Magic   | |  3.7

Action                     |  1- 3 |  4- 6 || total
---------------------------+-------+-------++-------
  Melee: Dagger            |    28 |    14 ||    42
         Unarmed           |     1 |       ||     1
         Headbutt          |     1 |     1 ||     2
   Cast: Sting             |    68 |    24 ||    92
 Armour: Robe              |     6 |     4 ||    10
  Dodge: Dodged            |    31 |    18 ||    49
  Block: Other             |     3 |     6 ||     9

Table legend: (Time is in decaauts)
 A = Elapsed time spent in this place.
 B = Non-inter-level travel time spent in this place.
 C = Inter-level travel time spent in this place.
 D = Time resting spent in this place.
 E = Time spent auto-exploring this place.
 F = Levels seen in this place.
 G = Mean time per level.
                   A        B        C        D        E       F      G
               +--------+--------+--------+--------+--------+-----+--------+
         Total |   2993 |   2942 |     51 |     40 |   2541 |   3 |  997.7 |
       Dungeon |   2993 |   2942 |     51 |     40 |   2541 |   3 |  997.7 |
               +--------+--------+--------+--------+--------+-----+--------+

Top non-repeatable levels by time:
     D:1: 1309 daAuts
     D:2: 980 daAuts
     D:3: 703 daAuts
